 Dungeon Crawl Stone Soup version 0.31-a0-150-g89dc3ad700 (webtiles) character file.

Game seed: 16415935599741878614

75 qw the Shooter (level 4, 0/27 HPs)
             Began as a Gargoyle Hunter on June 8, 2023.
             Slain by a goblin
             ... wielding a +0 dagger
             ... led by Robin
              (4 damage)
             ... on level 2 of the Dungeon.
             The game lasted 00:00:23 (807 turns).

qw the Shooter (Gargoyle Hunter)                     Turns: 807, Time: 00:00:23

Health: 0/27       AC:  9    Str: 15    XL:     4   Next: 31%
Magic:  4/4        EV: 11    Int:  9    God:
Gold:   125        SH:  0    Dex: 15    Spells: 3/3 levels left

rFire   . . .        Y - +0 shortbow
rCold   + . .        (shield currently unavailable)
rNeg    + . .        h - +0 ring mail
rPois   inf          (no helmet)
rElec   +            (no cloak)
rCorr   .            (no gloves)
SInv    .            (no boots)
Will    .....        (no amulet)
Stlth   +            d - ring of protection from cold
HPRegen 0.24/turn    (no ring)
MPRegen 0.09/turn

%: no passive effects
@: no status effects
A: sickness immunity, AC +3, negative energy resistance 1, electricity
resistance, torment resistance 1, petrification resistance
a: no special abilities


You were on level 2 of the Dungeon.
You visited 1 branch of the dungeon, and saw 2 of its levels.

You collected 125 gold pieces.


Innate Abilities, Weirdness & Mutations

You are immune to sickness and miasma.
Your stone body is resilient. (AC +3)
You are immune to poison.
You resist negative energy. (rN+)
You are resistant to electric shocks. (rElec)
You are resistant to unholy torment.
You are immune to petrification.


   Skills:
 + Level 2.6 Fighting
 - Level 5.0 Ranged Weapons
 - Level 2.2 Armour
 - Level 1.5 Dodging
 - Level 1.1 Stealth


You had 3 spell levels left.
You didn't know any spells.
Your spell library was empty.

Inventory:

Hand Weapons
 Y - a +0 shortbow (weapon)
Armour
 c - a +2 robe
 h - a +0 ring mail (worn)
Jewellery
 d - a ring of protection from cold (left hand)
Scrolls
 a - a scroll of magic mapping {unknown}
 e - a scroll of identify
 j - a scroll of fear {unknown}
Potions
 b - a potion of haste {unknown}
 f - a potion of brilliance {unknown}
 g - a potion of ambrosia {unknown}
 i - a potion of heal wounds {unknown}
 k - a potion of magic {unknown}

Dungeon Overview and Level Annotations

Branches:
Dungeon (2/15)

Altars:


Message History

Robin hits you but does no damage.
You shoot an arrow.
The arrow hits Robin but does no damage.
Robin is severely wounded.
Robin barely misses you.
You shoot an arrow. The arrow barely misses Robin.
The arrow hits the hobgoblin.
You kill the hobgoblin!
The goblin no longer looks unusually strong.
Robin hits you but does no damage. x2
Your Ranged Weapons skill increases to level 5!
You shoot an arrow. The arrow closely misses Robin.
The arrow hits the hobgoblin!
You kill the hobgoblin!
Robin barely misses you.
You shoot an arrow. The arrow hits Robin.
Robin is almost dead.
The goblin no longer looks unusually strong.
Robin roars a battlecry!
The goblins go into a battle-frenzy!
You shoot an arrow. The arrow hits Robin.
You kill Robin!
You shoot an arrow. The arrow completely misses the goblin.
The arrow hits the dart slug.
The dart slug is severely wounded.
The goblin hits you with a +0 dagger.
You shoot an arrow. The arrow hits the goblin.
The goblin is heavily wounded.
The goblin hits you but does no damage.
You shoot an arrow. The arrow barely misses the goblin.
The arrow closely misses the hobgoblin.
The arrow hits the dart slug.
You kill the dart slug!
The giant cockroach bites you but does no damage.
The goblin hits you with a +0 dagger.
The giant cockroach bites you but does no damage.
You shoot an arrow. The arrow closely misses the goblin.
The arrow hits the hobgoblin.
The hobgoblin is almost dead.
The giant cockroach bites you but does no damage.
The goblin hits you with a +0 dagger.
You die...

### #.. ... #.# #.# .
#.# # #.# # .. #.##
###.###.#.# !#### #..
........g##.~~ #.#
###.#.# #g#..#
##.#####.....# #gB..#
.............###@#..###
##.#####.#.##.%).)....#
#.#####.#.##.##.....[#
#.##..).#.##.###...#...
#.........##.# #.## .)
#.##.#######.# .#
#...#........# .#
####%######### .. #.. #


You could see a giant cockroach, a hobgoblin (strong) and 2 goblins.

Vanquished Creatures
  Jessica (D:2)
  Robin (D:2)
  A dart slug (D:2)
  3 orcs (D:2)
  2 endoplasms (D:1)
  5 goblins
  5 hobgoblins (D:2)
  6 kobolds
  2 quokkas (D:1)
  A ball python (D:1)
  2 bats (D:2)
  2 frilled lizards (D:1)
  3 rats
34 creatures vanquished.

Notes
Turn   | Place    | Note
-------+----------+-------------------------------------------
     0 | D:1      | qw the Gargoyle Hunter began the quest for the Orb.
     0 | D:1      | Reached XP level 1. HP: 12/12 MP: 1/1
     0 | D:1      | 0 ||| qw: Version: 0.2-a-120-gdf1a93b
     0 | D:1      | 0 ||| qw: Game counter: 2992
     0 | D:1      | 0 ||| qw: Always use a shield: true
     0 | D:1      | 0 ||| qw: God list: Okawaru
     0 | D:1      | 0 ||| qw: Allow faded altars: false
     0 | D:1      | 0 ||| qw: Do Orc after D:15 true
     0 | D:1      | 0 ||| qw: Do second Lair branch before Depths: true
     0 | D:1      | 0 ||| qw: Lair rune preference: random
     0 | D:1      | 0 ||| qw: Plans: Normal
     0 | D:1      | 0 ||| PLANNING D:1-11
    19 | D:1      | 19 ||| DROPPING scroll of butterflies.
    74 | D:1      | 74 ||| FLEEEEING.
    75 | D:1      | 75 ||| FLEEEEING.
   139 | D:1      | Reached XP level 2. HP: 17/17 MP: 2/2
   524 | D:1      | 524 ||| UPGRADING to +0 ring mail.
   534 | D:1      | 534 ||| DROPPING +0 leather armour.
   535 | D:1      | 535 ||| UPGRADING to ring of protection from cold.
   536 | D:1      | 536 ||| READING scroll labelled DUFUMIGUOL.
   537 | D:1      | 537 ||| READING scroll labelled TORIHIC MOTE.
   574 | D:2      | Noticed Jessica
   580 | D:2      | Killed Jessica
   581 | D:2      | Reached XP level 3. HP: 14/21 MP: 3/3
   785 | D:2      | Noticed Robin
   792 | D:2      | HP: 3/21 [Robin/+0 spear (5)]
   797 | D:2      | Reached XP level 4. HP: 4/26 MP: 4/4
   801 | D:2      | Reached skill level 5 in Ranged Weapons
   803 | D:2      | Killed Robin
   804 | D:2      | HP: 5/27 [goblin/+0 dagger[Robin] (1)]
   807 | D:2      | Slain by a goblin

Levels and vault maps discovered:
D:1:      zelgadis_glass_arrival_small, layout_loops_cross
D:2:      layout_loops_ring, basic_altar, grunt_decor_cap, uniq_terence,
          uniq_jessica, uniq_robin

Skill      XL: |  1  2  3  4 |
---------------+-------------+-----
Armour         | 2 |  2.2
Ranged Weapons | 5 |  5.0
Fighting       | |  2.6
Dodging        | |  1.5
Stealth        | |  1.1

Action                     |  1- 3 |  4- 6 || total
---------------------------+-------+-------++-------
   Fire: Shortbow          |    75 |    11 ||    86
    Use: Scroll            |     2 |       ||     2
 Armour: Leather armour    |     1 |       ||     1
         Ring mail         |    14 |     7 ||    21
  Dodge: Dodged            |    27 |     3 ||    30

Table legend:
 A = Non-vault XP
 B = Vault XP
 C = Vault XP percentage of total XP
 D = Non-vault monster count
 E = Vault monster count
 F = Vault count percentage of total count
                 A         B        C        D         E       F
            +---------+---------+-------+---------+---------+-------
      Total |      43 |      65 |  60.2 |      25 |       9 |  26.5
            +---------+---------+-------+---------+---------+-------
        D:1 |      21 |       0 |   0.0 |      14 |       0 |   0.0
        D:2 |      22 |      65 |  74.7 |      11 |       9 |  45.0
            +---------+---------+-------+---------+---------+-------
